 Dungeon Crawl Stone Soup version 0.25.0-9-g26727b657a (webtiles) character file.

Game seed: 10301184192141995691

755 theswoord the Carver (level 7, -14/50 HPs)
             Began as a Demonspawn Gladiator on June 16, 2020.
             Was an Initiate of Wu Jian.
             Demolished by an ogre
             ... wielding a +0 giant club
              (18 damage)
             ... on level 4 of the Dungeon.
             The game lasted 00:06:02 (4353 turns).

theswoord the Carver (Demonspawn Gladiator)         Turns: 4353, Time: 00:06:03

Health: -14/50     AC:  8    Str: 16    XL:     7   Next: 49%
Magic:  7/7        EV: 15    Int:  9    God:    Wu Jian [......]
Gold:   198        SH:  0    Dex: 15    Spells: 6/6 levels left

rFire    + . .     SeeInvis .   a - +0 long sword
rCold    . . .     Gourm    .   (no shield)
rNeg     . . .     Faith    .   g - +0 scale mail
rPois    +         Spirit   .   (helmet restricted)
rElec    .         Reflect  .   (no cloak)
rCorr    .         Harm     .   (no gloves)
MR       .....                  (no boots)
Stlth    ..........             (no amulet)
HPRegen  0.16/turn              i - ring of protection from fire
MPRegen  0.10/turn              q - ring of poison resistance

@: agile
A: horns 1, yellow scales 1, powered by death 1, powered by pain 1
a: Renounce Religion


You were on level 4 of the Dungeon.
You worshipped Wu Jian.
Wu Jian was noncommittal.
You were not hungry.

You visited 2 branches of the dungeon, and saw 7 of its levels.
You also visited: Sewer.

You collected 198 gold pieces.

Inventory:

Hand Weapons
 a - a +0 long sword (weapon)
Missiles
 d - 3 throwing nets (quivered)
Armour
 b - a +0 leather armour
 c - a +0 helmet
 g - a +0 scale mail (worn)
Jewellery
 i - a ring of protection from fire (left hand)
 q - a ring of poison resistance (right hand)
Scrolls
 e - 5 scrolls of identify
 h - 5 scrolls of teleportation {unknown}
 k - 2 scrolls of remove curse {unknown}
 l - 3 scrolls of magic mapping {unknown}
 m - a scroll of amnesia {unknown}
 n - 2 scrolls of blinking
 o - a scroll of fog {unknown}
 p - a scroll of random uselessness {unknown}
 s - a scroll of enchant armour {unknown}
 u - a scroll of fear {unknown}
Potions
 r - a potion of flight
 t - a potion of curing
Comestibles
 f - 7 rations
 v - a chunk of flesh


   Skills:
 - Level 2.0 Fighting
 + Level 8.2 Long Blades
 - Level 1.7 Throwing
 - Level 2.6 Dodging


You had 6 spell levels left.
You didn't know any spells.
Your spell library was empty.

Dungeon Overview and Level Annotations

Branches:
Dungeon (6/15)             Temple (1/1) D:4           Sewer (visited)

Altars:
Cheibriados
Elyvilon
Okawaru
Qazlal
Ru
Uskayaw
Wu Jian
Xom
Yredelemnul


Innate Abilities, Weirdness & Mutations

You have a pair of small horns on your head.
You are partially covered in yellow scales. (AC +2)
You regenerate a little health from kills.
You sometimes gain a little power by taking damage.


Message History

The ogre is moderately wounded.
The ogre hits you with a +0 giant club!!
Ouch! That really hurt!
* * * LOW HITPOINT WARNING * * *
You focus on the pain.
You feel more agile all of a sudden. The jackal barely misses you.
You riposte.
You hit the jackal.
You kill the jackal!
The Council accepts your kill.
You hit the ogre but do no damage. Your headbutt misses the ogre.
The ogre is moderately wounded.
The ogre barely misses you.
You riposte.
You hit the ogre.
The ogre is heavily wounded.
Unknown command.
You barely miss the ogre.
The ogre is heavily wounded.
You slash the ogre! You headbutt the ogre.
The ogre is almost dead.
The ogre hits you with a +0 giant club!!
You die...

#......<.....#.......... ##
###.....#####.........#
#..#.......# #.......#.#
##.........######..........
...........................
..##...†.......# ..##......
#.....?....##.. .#......
##..(...$...... ...8....
#.....†@..#... ........
#......O†.#... ##......
.........#.... #......
.....<.#####...# .......#
........ ..## ........
#...... ... ........ ......
... ........ ... .#.
........ ........


You could see an ogre.

Vanquished Creatures
  A phantom (D:4)
  Blork the orc (D:4)
  2 bullfrogs (Sewer)
  A crimson imp (D:4)
  A hound (D:4)
  An orc priest (D:4)
  5 worker ants
  A howler monkey skeleton (D:4)
  10 adders
  8 oozes
  2 worms
  A dart slug (D:2)
  8 leopard geckos
  6 orcs
  13 giant cockroaches
  6 goblins
  8 hobgoblins
  7 jackals
  10 ball pythons
  6 bats
  17 frilled lizards
  6 kobolds
  4 rats
125 creatures vanquished.

Notes
Turn   | Place    | Note
-------+----------+-------------------------------------------
     0 | D:1      | theswoord the Demonspawn Gladiator began the quest for the
                  | Orb.
     0 | D:1      | Reached XP level 1. HP: 16/16 MP: 1/1
    70 | D:1      | Reached skill level 3 in Long Blades
   215 | D:1      | Gained mutation: You regenerate a little health from kills.
                  | [demonic ancestry]
   215 | D:1      | Reached XP level 2. HP: 22/22 MP: 2/2
   871 | D:2      | Gained mutation: You sometimes gain a little power by
                  | taking damage. [demonic ancestry]
   871 | D:2      | Reached XP level 3. HP: 24/27 MP: 3/3
  1064 | D:2      | Reached skill level 4 in Long Blades
  1484 | D:2      | Found an iron altar of Okawaru.
  1485 | D:2      | Found a shimmering altar of Xom.
  1805 | D:3      | Found a basalt altar of Yredelemnul.
  1983 | D:3      | Gained mutation: You have a pair of small horns on your
                  | head. [demonic ancestry]
  1983 | D:3      | Reached XP level 4. HP: 33/33 MP: 4/4
  2165 | D:3      | You fall into a shaft and drop 3 floors!
  2337 | D:6      | Reached skill level 5 in Long Blades
  2551 | D:5      | Entered Level 5 of the Dungeon
  2569 | D:4      | Found a glowing drain.
  2587 | Sewer    | Entered a sewer
  2593 | Sewer    | Reached XP level 5. HP: 25/38 MP: 5/5
  3122 | Sewer    | Reached skill level 6 in Long Blades
  3248 | Sewer    | Gained mutation: You are partially covered in yellow
                  | scales. (AC +2) [demonic ancestry]
  3248 | Sewer    | Reached XP level 6. HP: 24/44 MP: 6/6
  3524 | D:4      | Found a staircase to the Ecumenical Temple.
  3547 | D:4      | Noticed Blork the orc
  3561 | D:4      | Killed Blork the orc
  3561 | D:4      | Reached skill level 7 in Long Blades
  3581 | Temple   | Entered the Ecumenical Temple
  3861 | Temple   | Became a worshipper of the Wu Jian Council
  3978 | D:4      | Reached XP level 7. HP: 37/50 MP: 7/7
  4046 | D:4      | Found a hide-covered altar of Uskayaw.
  4049 | D:4      | Found a white marble altar of Elyvilon.
  4049 | D:4      | Found a stormy altar of Qazlal.
  4137 | D:4      | Found a sacrificial altar of Ru.
  4301 | D:4      | Reached skill level 8 in Long Blades
  4353 | D:4      | Demolished by an ogre

Skill      XL: |  1  2  3  4  5  6  7 |
---------------+----------------------+-----
Long Blades    | 3 4 5 6 7 8 |  8.2
Fighting       | |  2.0
Throwing       | |  1.7
Dodging        | |  2.6

Action                   |  1- 3 |  4- 6 |  7- 9 || total
-------------------------+-------+-------+-------++-------
Melee: Long sword        |   107 |   213 |    68 ||   388
       Headbutt          |       |    35 |    19 ||    54
Invok: Lunge             |       |     2 |     1 ||     3
  Use: Potion            |     1 |     2 |     2 ||     5
       Scroll            |       |     2 |       ||     2
 Stab: Sleeping          |     1 |       |       ||     1
  Eat: Chunk             |     3 |     6 |     3 ||    12
Armor: Leather armour    |    33 |       |       ||    33
       Scale mail        |       |   137 |    43 ||   180
Dodge: Dodged            |    92 |   143 |    56 ||   291
       Rpst.: Long sword |    24 |    40 |    16 ||    80

Levels and vault maps discovered:
D:1:      mrwooster_arrival_statue, layout_rooms
D:2:      layout_loops_corners, gammafunk_temple_overflow_statue
D:3:      minmay_spotlight, layout_basic, lemuel_crystal_altar, first_ration,
          minmay_starry_boxes, uniq_ijyb, uniq_jessica, uniq_grinder
D:4:      layout_cave_pools, grunt_temple_overflow_open,
          minmay_temple_entry_glass, serial_column_ruins,
          column_ruins_square_large, column_ruins_columns_straight,
          column_ruins_open_small, column_ruins_columns_corner,
          column_ruins_grid_1, cheibrodos_sewer_entry_sluice, uniq_blork_the_orc
D:5:      layout_basic, kennysheep_little_box
D:6:      layout_loops_corners, lemuel_crystal_altar
Temple:   grunt_temple_mini_profane
